 Dungeon Crawl Stone Soup version 0.27-a0-1442-g87b6fcb595 (webtiles) character file.

Game seed: 3751869838786678663

893038 wakim the Cryomancer (level 27, -2/177 HPs)
             Began as a Gargoyle Earth Elementalist on July 4, 2021.
             Was the Champion of Vehumet.
             Killed from afar by a Hell Sentinel (30 damage)
             ... with damnation
             ... on level 7 of the Iron City of Dis.
             The game lasted 07:42:19 (109357 turns).

wakim the Cryomancer (GrEE)                       Turns: 109357, Time: 07:42:19

Health: -2/177     AC: 48    Str: 20    XL:     27
Magic:  14/48      EV: 18    Int: 45    God:    Vehumet [******]
Gold:   5904       SH: 16    Dex: 12    Spells: 6/69 levels left

rFire    + + +     SeeInvis +   b - +11 scimitar of Sega {drain, rF++ Will- Int+7}
rCold    + + .     Faith    .   q - +2 kite shield {AC+3}
rNeg     + . .     Spirit   .   B - quicksilver dragon scales
rPois    ∞         Reflect  .   m - +2 helmet {SInv}
rElec    +         Harm     .   h - +0 cloak of Evolution {+Inv Slay+2 SInv}
rCorr    .         Rampage  .   o - +2 pair of gloves
Will     +++++                  n - +1 pair of boots "Rynogi" {rF+ Dex+2}
Stlth    +++.......             e - amulet of Mirth {rC+ Will++ Regen+ Int+2}
HPRegen  1.39/turn              C - ring of Ixtoda {*Corrode Will+++ Str+6 Int+6}
MPRegen  0.31/turn              p - ring of Wyunud {Wiz *Slow rF+ rC+ Int+3}

@: about to teleport, in a vortex, corroded, flying, studying 2 skills
A: sickness immunity, AC +20, big wings, negative energy resistance 1,
electricity resistance, torment resistance 1, petrification resistance, claws 1,
talons 1, iridescent scales 1, sense surroundings 1, subdued magic 2
}: 5/15 runes: barnacled, slimy, silver, abyssal, gossamer
a: Renounce Religion, Evoke Invisibility


You were on level 7 of the Iron City of Dis.
You worshipped Vehumet.
Vehumet was exalted by your worship.
You visited 13 branches of the dungeon, and saw 63 of its levels.
You visited the Abyss 1 time.
You visited 1 bazaar.
You also visited: Trove, Sewer, Bailey, Gauntlet, Ice Cave and Volcano.

You collected 9194 gold pieces.
You spent 3290 gold pieces at shops.

Inventory:

Hand Weapons
 b - the +11 scimitar of Sega (weapon) {drain, rF++ Will- Int+7}
   (You took it off a vampire knight on level 7 of the Iron City of Dis)

   A truly terrible weapon, it drains the life of those it strikes.
   Int:       It affects your intelligence (+7).
   rF:        It greatly protects you from fire.
   Will:      It decreases your willpower.
 x - the +6 Majin-Bo {vamp, MP+6 Int+6}
   (You acquired it on level 3 of the Elven Halls)

   It inflicts no extra harm, but heals its wielder when it wounds a living foe.
   Int:       It affects your intelligence (+6).
   MP:        It affects your magic capacity (+6).
Missiles
 g - 4 curare-tipped darts (quivered) {=f}
 i - 12 throwing nets {=f!f}
 k - 20 atropa-tipped darts
 s - 2132 stones
Armour
 c - the +4 skin of Zhor {*Englaciate rC+++ SInv}
   (You found it on level 5 of the Vaults)

   rC:        It renders you almost immune to cold.
   SInv:      It lets you see invisible.
 h - the +0 cloak of Evolution (worn) {+Inv Slay+2 SInv}
   (You found it in a Gauntlet)

   Slay:      It affects your accuracy & damage with ranged weapons and melee
   (+2).
   SInv:      It lets you see invisible.
   +Inv:      It lets you turn invisible.
 m - a +2 helmet of see invisible (worn)
 n - the +1 pair of boots "Rynogi" (worn) {rF+ Dex+2}
   (You bought it in a shop on level 1 of the Depths)

   Dex:       It affects your dexterity (+2).
   rF:        It protects you from fire.
 o - a +2 pair of gloves (worn)
 q - a +2 kite shield of protection (worn)
 B - quicksilver dragon scales (worn)
Magical Staves
 a - a staff of cold
Jewellery
 e - the amulet of Mirth (around neck) {rC+ Will++ Regen+ Int+2}
   (You found it in a treasure trove)

   [amulet of regeneration]

   Int:       It affects your intelligence (+2).
   rC:        It protects you from cold.
   Regen:     It increases your rate of health regeneration.
   Will:      It greatly increases your willpower.
 j - the amulet "Iffif" {Reflect Will+ SH+5}
   (You found it in a treasure trove)

   [amulet of reflection]

   It reflects blocked missile attacks.
   SH:        It affects your SH (+5).
   Will:      It increases your willpower.
 l - a +4 ring of protection
 p - the ring of Wyunud (right hand) {Wiz *Slow rF+ rC+ Int+3}
   (You bought it in a shop on level 5 of the Dungeon)

   [ring of wizardry]

   It improves your spell success rate.
   Int:       It affects your intelligence (+3).
   rF:        It protects you from fire.
   rC:        It protects you from cold.
   *Slow:     It may slow you when you take damage.
 r - the ring of Irutylygg {rElec rPois rC+ Will+ Dex-3}
   (You found it on level 6 of the Lair of Beasts)

   [ring of willpower]

   Dex:       It affects your dexterity (-3).
   rC:        It protects you from cold.
   rElec:     It insulates you from electricity.
   rPois:     It protects you from poison.
   Will:      It increases your willpower.
 v - the amulet "Geafablyato" {Reflect rPois rF+ Str+6 Dex-5 SH+5}
   (You found it on level 3 of the Realm of Zot)

   [amulet of reflection]

   It reflects blocked missile attacks.
   Str:       It affects your strength (+6).
   Dex:       It affects your dexterity (-5).
   rF:        It protects you from fire.
   rPois:     It protects you from poison.
   SH:        It affects your SH (+5).
 z - a ring of protection from fire
 C - the ring of Ixtoda (left hand) {*Corrode Will+++ Str+6 Int+6}
   (You took it off a centaur warrior on level 14 of the Dungeon)

   [ring of strength]

   Str:       It affects your strength (+6).
   Int:       It affects your intelligence (+6).
   *Corrode:  It may corrode you when you take damage.
   Will:      It greatly increases your willpower.
 P - a ring of resist corrosion
Wands
 d - a wand of iceblast (118)
 t - a wand of digging (27)
 u - a wand of mindburst (11)
 w - a wand of acid (58)
 y - a wand of paralysis (42)
Scrolls
 f - 3 scrolls of enchant armour
 A - a scroll of enchant weapon
 R - 8 scrolls of magic mapping {!r}
 S - 7 scrolls of summoning
 T - 28 scrolls of teleportation
 U - 13 scrolls of fear
 W - 5 scrolls of holy word
 X - 7 scrolls of fog
 Y - 5 scrolls of blinking {!r}
 Z - a scroll of silence {!r}
Potions
 D - 17 potions of brilliance
 E - 2 potions of cancellation
 F - 29 potions of curing
 H - 4 potions of haste
 I - 8 potions of invisibility
 J - 10 potions of heal wounds
 K - 5 potions of magic
 L - a potion of lignification {!q}
 M - a potion of mutation {!q}
 O - 3 potions of resistance


   Skills:
 * Level 19.6 Fighting
 - Level 2.0 Short Blades
 - Level 6.0(10.1) Polearms
 - Level 13.4(14.0) Staves
 * Level 14.6 Armour
 * Level 18.9 Dodging
 - Level 8.0 Stealth
 - Level 15.0 Shields
 + Level 21.8 Spellcasting
 - Level 18.0 Conjurations
 - Level 4.0 Translocations
 - Level 0.7 Transmutations
 - Level 25.3 Ice Magic
 * Level 20.2 Earth Magic
 + Level 13.0 Evocations


You had 6 spell levels left.
You knew the following spells:

 Your Spells              Type           Power      Damage    Failure   Level
a - Sandblast             Erth           100%       2d20      0%          1
b - Frozen Ramparts       Ice            100%       1d12      0%          3
c - Shatter               Erth           49%        3d37*     1%          9
d - Metabolic Englaciati  Hex/Ice        40%        N/A       0%          5
e - Hailstorm             Conj/Ice       100%       3d20      0%          4
f - Ozocubu's Armour      Ice            100%       N/A       0%          3
g - Ozocubu's Refrigerat  Ice            53%        4d15      0%          7
h - Polar Vortex          Ice            53%        N/A       1%          9
i - Lehudib's Crystal Sp  Conj/Erth      47%        10d11     1%          8
s - Searing Ray           Conj           100%       3d7       0%          2
x - Stone Arrow           Conj/Erth      100%       3d13      0%          3
B - Blink                 Tloc           N/A        N/A       1%          2
Z - Orb of Destruction    Conj           46%        9d15      1%          7

Your spell library contained the following spells:

 Spells                   Type           Power      Damage    Failure   Level
 Maxwell's Capacitive Co  Air            15%        ∞         91%         8
 Apportation              Tloc           100%       N/A       0%          1
 Foxfire                  Conj/Fire      100%       2x1d9     0%          1
 Freeze                   Ice            100%       1d11      0%          1
 Magic Dart               Conj           100%       1d8       0%          1
 Ensorcelled Hibernation  Hex/Ice        100%       N/A       0%          2
 Passwall                 Tmut/Erth      61%        N/A       0%          2
 Static Discharge         Conj/Air       69%        N/A       0%          2
 Conjure Flame            Conj/Fire      69%        6-21      0%          3
 Dazzling Flash           Conj/Hex       100%       N/A       0%          3
 Ice Form                 Ice/Tmut       81%        N/A       0%          4
 Iskenderun's Mystic Bla  Conj/Tloc      75%        2d15      0%          4
 Leda's Liquefaction      Hex/Erth       36%        N/A       0%          4
 Petrify                  Tmut/Erth      74%        N/A       0%          4
 Summon Ice Beast         Ice/Summ       80%        N/A       0%          4
 Bolt of Magma            Conj/Fire/Erth 40%        4d17      0%          5
 Freezing Cloud           Conj/Ice/Air   42%        6-21      0%          5
 Iskenderun's Battlesphe  Conj           93%        2d14      0%          5
 Lee's Rapid Deconstruct  Erth           49%        3d24*     0%          5
 Iron Shot                Conj/Erth      47%        9d9       0%          6
 Animate Skeleton         Necr           60%        N/A       1%          1
 Corona                   Hex            33%        N/A       1%          1
 Pain                     Necr           100%       1d9       1%          1
 Summon Small Mammal      Summ           100%       N/A       1%          1
 Call Imp                 Summ           30%        N/A       1%          2
 Poisonous Vapours        Pois/Air       60%        N/A       1%          2
 Slow                     Hex            30%        N/A       1%          2
 Wereblood                Tmut           34%        N/A       1%          2
 Call Canine Familiar     Summ           30%        N/A       1%          3
 Confusing Touch          Hex            30%        N/A       1%          3
 Gell's Gravitas          Tloc           26%        N/A       1%          3
 Ignite Poison            Fire/Tmut/Pois 32%        N/A       1%          3
 Lesser Beckoning         Tloc           26%        N/A       1%          3
 Mephitic Cloud           Conj/Pois/Air  59%        N/A       1%          3
 Portal Projectile        Hex/Tloc       82%        N/A       1%          3
 Spider Form              Tmut/Pois      16%        N/A       1%          3
 Summon Guardian Golem    Hex/Summ       30%        N/A       1%          3
 Swiftness                Air            30%        N/A       1%          3
 Teleport Other           Tloc           52%        N/A       1%          3
 Vampiric Draining        Necr           15%        2d8       1%          3
 Airstrike                Air            15%        N/A       1%          4
 Dispel Undead            Necr           30%        3d14      1%          4
 Fulminant Prism          Conj/Hex       34%        3d16      1%          4
 Passage of Golubria      Tloc           N/A        N/A       1%          4
 Sticky Flame             Conj/Fire      69%        2d8       1%          4
 Summon Lightning Spire   Summ/Air       30%        N/A       1%          4
 Borgnjor's Vile Clutch   Necr/Erth      36%        N/A       1%          5
 Fireball                 Conj/Fire      34%        3d14      1%          5
 Lightning Bolt           Conj/Air       34%        1d52      1%          5
 Manifold Assault         Tloc           52%        N/A       1%          5
 Summon Forest            Summ/Tloc      20%        N/A       1%          5
 Yara's Violent Unravell  Hex/Tmut       16%        3d8       1%          5
 Conjure Ball Lightning   Conj/Air       34%        3x3d11    1%          6
 Simulacrum               Ice/Necr       40%        N/A       1%          6
 Starburst                Conj/Fire      34%        8x6d10    1%          6
 Blade Hands              Tmut           17%        N/A       2%          5
 Alistair's Intoxication  Tmut/Pois      21%        N/A       3%          5
 Agony                    Necr           30%        N/A       4%          5
 Excruciating Wounds      Necr           15%        N/A       4%          5
 Silence                  Hex/Air        15%        N/A       4%          5
 Eringya's Noxious Bog    Tmut/Pois      16%        N/A       6%          6
 Invisibility             Hex            15%        N/A       26%         6
 Shadow Creatures         Summ           N/A        N/A       26%         6
 Spellforged Servitor     Conj/Summ      34%        N/A       1%          7
 Malign Gateway           Summ/Tloc      20%        N/A       52%         7
 Storm Form               Tmut/Air       16%        N/A       75%         7
 Summon Hydra             Summ           15%        N/A       80%         7
 Ignition                 Fire           15%        3d6       91%         8
 Summon Horrible Things   Summ           15%        N/A       100%        8
 Sublimation of Blood     Necr           Unusable   N/A       N/A         2
 Statue Form              Tmut/Erth      Unusable   N/A       N/A         6

Dungeon Overview and Level Annotations

Branches:
Dungeon (15/15)            Temple (1/1) D:6            Lair (6/6) D:10
 Shoals (4/4) Lair:4       Spider (4/4) Lair:2        Slime (5/5) Lair:5
    Orc (2/2) D:12            Elf (3/3) Orc:2        Vaults (5/5) D:13
  Crypt (0/3) Vaults:2     Depths (5/5) D:15           Hell (visited)
    Dis (7/7) Hell            Geh (0/7) Hell            Coc (0/7) Hell
    Tar (0/7) Hell            Zot (5/5) Depths:5      Sewer (visited)
 Bailey (visited)           IceCv (visited)         Volcano (visited)
Gauntlet (visited)

Altars:
Ashenzari
Cheibriados
Dithmenos
Elyvilon
Fedhas
Gozag
Hepliaklqana
Kikubaaqudgha
Makhleb
Nemelex Xobeh
Okawaru
Qazlal
Ru
Sif Muna
Trog
Uskayaw
Vehumet
Wu Jian
Xom
Yredelemnul
Zin
The Shining One
Beogh
Jiyva

Shops:
D:2 (   D:5 =   D:12 [   Orc:1 ?   Orc:2 ![*=(   Shoals:3 *   Vaults:2 *
Vaults:3 :   Depths:1 =:[   Depths:2 :

Portals:
Hell: Depths:1 Depths:2 Depths:3 Depths:4 Depths:5
Abyss: Depths:2 Depths:4 Depths:5
Pandemonium: Depths:1 Depths:3 Depths:5
Ziggurat: Depths:4

Annotations:
Dis:7 Dispater


Innate Abilities, Weirdness & Mutations

You are immune to sickness and miasma.
Your stone body is resilient. (AC +20)
You are immune to poison.
Your large and strong wings let you fly.
You resist negative energy. (rN+)
You are resistant to electric shocks. (rElec)
You are resistant to unholy torment.
You are immune to petrification.
You have sharp fingernails.
You have sharp toenails.
You are partially covered in iridescent scales. (AC +2)
You passively map a small area around you.
Your spells are easier to cast, but less powerful.


Message History

Confirm with . or Enter, or press ? or * to list all spells.
The dungeon rumbles!
The Hell Sentinel is heavily wounded.
The Brimstone Fiend is moderately wounded.
Dispater is lightly wounded.
Ka-crash!
A Brimstone Fiend and Dispater come into view.
Dispater is wielding the +4 staff of Dispater.
The winds around you start to calm down.
The Brimstone Fiend calls on the powers of darkness!
Your body is wracked with pain!
* * * LOW HITPOINT WARNING * * *
Unknown command.
You are engulfed in whirling frost.
Dispater gestures.
A Hell Sentinel comes into view.
Casting: Shatter (dangerous; 1% risk of failure)
Confirm with . or Enter, or press ? or * to list all spells.
Okay, then.
The Brimstone Fiend calls on the powers of darkness!
Your body is wracked with pain!
* * * LOW HITPOINT WARNING * * *
The winds around you calm down. The Hell Sentinel gestures at you.
The sphere of damnation explodes!
The damnation engulfs you!!!
* * * LOW HITPOINT WARNING * * *
You hear a roar!
Casting: Shatter (dangerous; 1% risk of failure)
Confirm with . or Enter, or press ? or * to list all spells.
A great freezing vortex appears around you.
Dispater gestures.
The Brimstone Fiend calls on the powers of darkness!
Your body is wracked with pain!
* * * LOW HITPOINT WARNING * * *
Your corrosive artefact corrodes you!
As you read the scroll of teleportation, it crumbles to dust.
You feel strangely unstable. The Hell Sentinel gestures at you.
The sphere of damnation explodes!
The damnation engulfs you!!
You die...

.....##..........................
.................................
................................#
......#.........................#
......#..............^...........
......##.#.#.#.§§§...............
.....###...#...#§##§#.##.........
......##...#...#§§§§.....#.###.##
...#..##...#...#@§§§.....#.....#
########.#.#####§1#§.#.#.########
..####.........§§§§§...........8#
......#......†§§§§§1...........8#
..#...#....####.#.#.1#.########.#
......#............&11..........#
..#####..........#.#.1.#........#
......#..#..)...........).......#
..#...#..#...####..##.#.....##..#


You could see Dispater, 4 Hell Sentinels, a Brimstone Fiend and an Ice Fiend.

Vanquished Creatures
  the Royal Jelly (Slime:5)
  5 dread liches
  2 orbs of fire (Zot:5)
  Mara (Vaults:5)
  7 ancient liches
  Bai Suzhen (Spider:4)
  5 Killer Klowns
  A curse toe (Zot:5)
  Geryon (Hell)
  10 golden dragons
  7 bone dragons
  3 electric golems
  2 Tzitzimimeh
  5 Brimstone Fiends
  19 tentacled monstrosities
  6 iron giants
  Rupert (D:13)
  4 liches
  3 Hell Sentinels
  25 Orb Guardians (Zot:5)
  4 Ice Fiends
  Asterion (Spider:2)
  18 quicksilver dragons
  2 deep elf blademasters (Elf:3)
  2 deep elf master archers (Elf:3)
  2 titans (Vaults:5)
  26 acid blobs
  A quicksilver dragon (shapeshifter) (D:14)
  4 krakens
  Gastronok (Lair:2)
  Murray (Hell)
  3 Executioners
  13 death cobs
  14 ancient champions
  15 shadow dragons
  5 tentacled starspawn (Abyss:1)
  Kirke (Shoals:1)
  12 storm dragons
  8 sphinxes
  9 tengu reavers
  The ghost of Avuolin the Slicer, an adept HaHu of Okawaru (Shoals:3)
  Roxanne (Spider:3)
  A shadow dragon (shapeshifter) (Vaults:5)
  6 rockslimes
  2 draconian monks (Zot:5)
  12 fire giants
  Donald (Vaults:1)
  9 azure jellies
  2 draconian knights
  8 frost giants
  4 draconian scorchers
  6 emperor scorpions
  An orc warlord (Orc:2)
  A balrug (Dis:7)
  Louise (Spider:2)
  6 iron dragons
  2 spriggan defenders
  Aizul (Spider:2)
  12 vault wardens
  6 cacodemons
  12 ghost moths
  9 deep elf sorcerers
  45 reapers
  7 draconian annihilators
  15 ironbound preservers
  7 deep elf elementalists (Elf:3)
  The ghost of rigao the Alchemist, an adept SpBr of Gozag (D:14)
  4 draconian shifters
  11 quicksilver oozes
  46 very ugly things
  6 draconian stormcallers
  13 stone giants
  2 vampire knights (Dis:7)
  15 war gargoyles
  7 deep elf demonologists
  A lorocyproca (Dis:7)
  Nessos (D:13)
  18 green draconians
  16 black draconians
  5 entropy weavers
  14 white draconians
  Azrael (D:13)
  7 deep elf annihilators
  13 yellow draconians
  A minotaur (Gauntlet)
  6 dire elephants
  18 spark wasps
  4 purple draconians
  6 red draconians
  2 spark wasps (shapeshifter)
  4 deep elf death magi
  4 crystal guardians (Depths:2)
  7 blizzard demons
  22 ettins
  11 fire dragons
  6 merfolk javelineers
  8 merfolk impalers
  5 quicksilver dragon zombies
  The ghost of rigao the Transmogrifier, a journeyman SpBr of Dithmenos (Lair:5)
  5 deep elf high priests
  16 great orbs of eyes
  A shambling mangrove (Abyss:3)
  17 yaktaur captains
  14 hydras
  Harold (Lair:1)
  25 ice dragons
  37 vault guards
  10 rakshasas
  7 ironbound thunderhulks
  Erolcha (D:11)
  3 peacekeepers
  2 hell beasts
  A spriggan air mage (Depths:3)
  A quicksilver dragon skeleton (Dis:3)
  2 boulder beetles
  A death knight (D:11)
  A ghost crab (Abyss:3)
  8 centaur warriors
  9 ironbound frosthearts
  5 satyrs
  A catoblepas (Lair:5)
  12 merfolk aquamancers
  An alligator snapping turtle (Shoals:4)
  11 death yaks (Lair:5)
  36 dancing weapons
  14 hell hogs
  2 two-headed ogres
  5 deep troll shamans
  An orc high priest (Orc:2)
  9 merfolk avatars
  8 tengu warriors
  A death yak (shapeshifter) (Vaults:5)
  10 deep troll earth magi
  8 titan zombies
  Urug (D:10)
  2 vampire magi
  4 thrashing horrors
  3 ironbound beastmasters
  13 spriggan berserkers
  6 iron golems
  6 sun demons
  11 soul eaters
  Sonja (D:11)
  3 wretched stars
  16 deep elf knights
  5 storm dragon zombies
  14 hell knights
  A fire crab (Abyss:3)
  48 skeletal warriors
  A sixfirhy (Abyss:1)
  12 iron trolls
  2 titan skeletons
  A spatial maelstrom (Abyss:1)
  6 anaconda zombies
  2 golden dragon zombies (Dis:7)
  18 sea snakes
  2 shadow demons
  2 spark wasp zombies
  4 glowing orange brains
  A ghost moth zombie (Dis:5)
  A gelid demonspawn (Depths:3)
  An obsidian statue (Shoals:3)
  9 wizards
  A torturous demonspawn (Depths:3)
  3 flayed ghosts
  53 deep trolls
  2 tengu zombies
  19 ironbound convokers
  A kraken simulacrum (Hell)
  8 shadow dragon zombies
  An orange crystal statue (Zot:3)
  2 anaconda skeletons
  34 harpies
  4 lindwurms
  9 phantasmal warriors
  27 deep elf zephyrmancers
  A wolf spider zombie (Dis:2)
  8 deep elf archers
  A golden dragon skeleton (Hell)
  8 orc knights
  5 iron dragon zombies
  35 wolf spiders
  8 necromancers
  6 stone giant zombies
  29 deep elf pyromancers
  4 shining eyes
  3 orc sorcerers
  19 orb spiders
  39 ugly things
  17 fauns
  2 salamanders
  4 fire giant zombies
  4 oklob plants
  2 worldbinders
  10 manticores
  15 elephants
  12 cyclopes
  4 frost giant zombies
  A frost giant skeleton (Dis:1)
  A salamander (shapeshifter) (Elf:2)
  2 stone giant skeletons
  9 merfolk sirens
  A guardian serpent (shapeshifter) (Depths:2)
  5 black mambas
  2 apocalypse crabs
  19 vault sentinels
  66 rust devils
  2 shock serpent zombies
  31 moths of wrath
  2 black mambas (shapeshifter)
  3 spriggan zombies (Hell)
  3 eyes of devastation
  A water nymph (shapeshifter) (D:15)
  5 torpor snails
  6 molten gargoyles
  A water nymph (Shoals:3)
  An ice statue (IceCv)
  A minotaur zombie (Gauntlet)
  22 cane toads
  11 smoke demons
  6 gargoyles
  An eye of devastation (shapeshifter) (Vaults:5)
  A shock serpent skeleton (Dis:1)
  2 dire elephant zombies
  20 hellions
  A dire elephant skeleton (Hell)
  2 orange demons
  5 anaconda simulacra
  3 emperor scorpion zombies
  7 tengu conjurers
  A catoblepas zombie (Dis:6)
  13 demonic crawlers
  10 rime drakes
  13 freezing wraiths
  19 yaktaurs
  4 hellwings
  5 efreet
  25 komodo dragons
  5 ancient zymes
  19 ice devils
  3 unseen horrors (Depths:4)
  2 golden dragon simulacra
  32 tormentors
  18 red devils
  2 queen bees (shapeshifter)
  8 trolls
  6 polar bears
  3 harpy zombies
  43 jumping spiders
  2 hydra zombies (Dis:1)
  28 merfolk
  6 meliai
  A queen bee (Lair:5)
  9 wind drakes
  16 raiju
  A jumping spider (shapeshifter) (Vaults:5)
  A wind drake (shapeshifter) (Elf:3)
  20 hornets
  A deep troll zombie (Hell)
  A hydra skeleton (Hell)
  A wolf spider simulacrum (IceCv)
  An alligator zombie (Hell)
  4 dream sheep
  3 ettin zombies
  18 large abominations
  10 snapping turtles
  Prince Ribbit (D:9)
  4 fire dragon zombies
  102 slime creatures
  3 centaur simulacra
  22 blink frogs
  An ice dragon skeleton (Dis:3)
  2 alligator skeletons (Hell)
  10 flying skulls
  2 vampires
  An air elemental (Elf:2)
  61 redbacks
  13 water elementals
  7 ice dragon zombies
  9 spriggans
  A spriggan skeleton (Depths:2)
  A deep troll skeleton (Depths:1)
  9 shadows
  A dire elephant simulacrum (IceCv)
  23 tarantellas
  10 wyverns
  A black mamba skeleton (Abyss:3)
  3 ynoxinuls (Abyss:1)
  A fire bat (Abyss:1)
  Grum (D:11)
  4 basilisks
  A hog (Shoals:1)
  24 humans
  21 wraiths
  11 fire elementals
  67 yaks
  10 golden eyes (Slime:5)
  A steam dragon (shapeshifter) (Depths:5)
  2 steam dragons
  A death yak simulacrum (IceCv)
  8 vampire mosquitoes
  2 chaos spawn (Depths:1)
  5 spatial vortices
  5 neqoxecs
  3 iron troll simulacra (IceCv)
  A merfolk zombie (Dis:4)
  9 wargs
  A harpy simulacrum (IceCv)
  14 small abominations
  4 hydra simulacra (IceCv)
  2 acid dragons
  A cane toad zombie (Dis:1)
  2 floating eyes
  10 water moccasins
  27 orc warriors
  42 hell hounds
  A manticore zombie (Dis:5)
  2 swamp dragon zombies
  3 black bears
  3 ice beasts
  2 ettin simulacra (IceCv)
  2 snapping turtle zombies
  5 necrophages
  An alligator simulacrum (IceCv)
  7 ogres
  16 centaurs
  A snapping turtle skeleton (Dis:2)
  12 wolves
  A phantom (Dis:1)
  An elf zombie (Dis:1)
  2 kobold brigands
  19 bullfrogs
  2 gnoll sergeants
  A wyvern zombie (D:9)
  3 earth elementals
  A water moccasin zombie (D:6)
  A wyvern skeleton (D:7)
  A hornet simulacrum (D:15)
  A water moccasin skeleton (D:4)
  45 killer bees
  56 wights
  2 howler monkeys
  12 electric eels
  The ghost of Deep1 the Conjurer, a weakling OpCj (D:10)
  4 centaur zombies
  A quasit (Abyss:2)
  10 starcursed masses
  6 draconian simulacra (IceCv)
  2 bullfrog zombies
  55 iron imps
  23 orc priests
  3 gnoll shamans
  10 jellies
  2 human zombies
  4 hounds
  2 centaur skeletons
  16 iguanas
  5 hell rats (Hell)
  Terence (D:3)
  14 orc wizards
  2 spriggan simulacra (IceCv)
  2 polar bear simulacra (IceCv)
  2 troll simulacra (IceCv)
  2 naga zombies
  A hound skeleton (D:4)
  7 mummies
  24 gnolls
  19 adders
  An adder (shapeshifter) (D:14)
  3 naga simulacra (IceCv)
  An ogre simulacrum (IceCv)
  5 river rats
  A shadow imp (Abyss:1)
  5 white imps
  3 ufetubi
  2 adder skeletons (D:4)
  3 worms
  5 dart slugs
  83 orcs
  6 bats
  16 endoplasms
  4 giant cockroaches
  11 goblins
  7 hobgoblins
  5 jackals
  14 kobolds
  5 quokkas
  22 ball pythons
  15 frilled lizards
  3 kobold zombies
  An orc zombie (Dis:4)
  35 rats
  A butterfly (Lair:5)
  A lurking horror (Abyss:1)
  A plant (Depths:3)
  6 starspawn tentacles (Abyss:1)
  10 tentacles
3457 creatures vanquished.

Vanquished Creatures (others)
  An ice dragon (Zot:2)
  A centaur warrior (D:15)
  A deep elf pyromancer (D:13)
  A manticore (D:12)
  A stone giant zombie (Depths:1)
  A shadow (Dis:2)
  2 wights (Dis:1)
  An iron imp (Dis:7)
  6 white imps (IceCv)
  5 ufetubi (IceCv)
  20 fulminant prisms
  62 fungi
  A lurking horror (Abyss:1)
  254 plants
  6 starspawn tentacles (Abyss:1)
  10 tentacles
  5 toadstools (D:1)
  2 withered plants (Lair:5)
380 creatures vanquished.

Grand Total: 3837 creatures vanquished

Notes
Turn   | Place    | Note
-------+----------+-------------------------------------------
     0 | D:1      | wakim the Gargoyle Earth Elementalist began the quest for
                  | the Orb.
     0 | D:1      | Reached XP level 1. HP: 10/10 MP: 3/3
   649 | D:1      | Reached XP level 2. HP: 15/15 MP: 5/5
  1118 | D:1      | Reached XP level 3. HP: 9/19 MP: 3/6
  1327 | D:1      | Found a faded altar of an unknown god.
  1332 | D:1      | Learned a level 3 spell: Stone Arrow
  1859 | D:2      | Found Voniruam's Weapon Boutique.
  2546 | D:2      | Reached skill level 5 in Earth Magic
  2546 | D:2      | Reached XP level 4. HP: 24/24 MP: 3/7
  2980 | D:3      | Reached skill level 1 in Conjurations
  3332 | D:3      | Reached XP level 5. HP: 28/28 MP: 5/8
  3827 | D:3      | Noticed Terence
  3840 | D:3      | Killed Terence
  4273 | D:3      | Reached XP level 6. HP: 27/32 MP: 9/9
  4616 | D:4      | Noticed a steam dragon
  4618 | D:4      | Killed a steam dragon
  4760 | D:4      | Reached XP level 7. HP: 36/36 MP: 4/11
  4814 | D:4      | Found a glowing drain.
  5028 | Sewer    | Entered a sewer
  5435 | Sewer    | Reached skill level 1 in Fighting
  5933 | D:4      | Reached skill level 1 in Short Blades
  6196 | D:4      | Reached XP level 8. HP: 42/45 MP: 12/12
  6356 | D:5      | Entered Level 5 of the Dungeon
  6356 | D:5      | Found Aczuh's Jewellery Shoppe.
  6386 | D:5      | Reached skill level 1 in Shields
  6459 | D:5      | Found a bloodstained altar of Trog.
  7228 | D:5      | Reached skill level 5 in Conjurations
  7389 | D:5      | Found a blossoming altar of Fedhas.
  7389 | D:5      | Found a broken altar of Ashenzari.
  7414 | D:5      | Found a basalt altar of Yredelemnul.
  7416 | D:5      | Found a faded altar of an unknown god.
  7419 | D:5      | Found a shadowy altar of Dithmenos.
  7548 | D:5      | Reached skill level 1 in Ice Magic
  7796 | D:5      | Learned a level 3 spell: Frozen Ramparts
  7810 | D:6      | Reached skill level 2 in Ice Magic
  7940 | D:6      | Reached skill level 3 in Ice Magic
  8134 | D:6      | Reached XP level 9. HP: 44/50 MP: 13/13
  8273 | D:6      | Found a staircase to the Ecumenical Temple.
  8285 | Temple   | Entered the Ecumenical Temple
  8454 | Temple   | Became a worshipper of Vehumet
  8915 | D:6      | Reached skill level 4 in Ice Magic
  9132 | D:7      | Reached skill level 5 in Dodging
  9370 | D:7      | Reached skill level 5 in Ice Magic
  9551 | D:7      | Learned a level 1 spell: Freeze
  9766 | D:7      | Reached * piety under Vehumet
  9766 | D:7      | Offered knowledge of Shock by Vehumet.
  9986 | D:7      | Reached skill level 6 in Ice Magic
 10300 | D:7      | Reached skill level 1 in Polearms
 10300 | D:7      | Reached XP level 10. HP: 46/56 MP: 6/17
 10878 | D:8      | Reached skill level 1 in Armour
 10880 | D:8      | Reached skill level 5 in Spellcasting
 10891 | D:8      | Reached skill level 5 in Stealth
 11127 | D:8      | Reached ** piety under Vehumet
 11127 | D:8      | Offered knowledge of Searing Ray by Vehumet.
 11445 | D:8      | Found an opulent altar of Gozag.
 11558 | D:8      | Learned a level 2 spell: Searing Ray
 12612 | D:9      | Found a flagged portal.
 12642 | Bailey   | Entered a bailey
 12718 | Bailey   | Offered knowledge of Ignite Poison by Vehumet.
 12814 | Bailey   | Identified a scroll of acquirement
 12814 | Bailey   | Acquired a +0 buckler of protection
 13031 | Bailey   | Noticed an orc knight
 13050 | Bailey   | Reached *** piety under Vehumet
 13247 | Bailey   | Noticed an orc knight
 13247 | Bailey   | Noticed an orc knight
 13280 | Bailey   | Learned a level 3 spell: Ignite Poison
 14032 | D:9      | Noticed Prince Ribbit
 14042 | D:9      | Killed Prince Ribbit
 14443 | D:9      | Reached XP level 11. HP: 53/61 MP: 19/19
 14750 | D:9      | Noticed a cyclops
 14755 | D:9      | Noticed a cyan ugly thing
 14910 | D:9      | Killed a cyclops
 14998 | D:9      | Learned a level 4 spell: Hailstorm
 15151 | D:9      | Killed a cyan ugly thing
 15151 | D:9      | Offered knowledge of Fulminant Prism by Vehumet.
 15610 | D:9      | Learned a level 4 spell: Fulminant Prism
 15611 | D:10     | Entered Level 10 of the Dungeon
 15929 | D:10     | Found a staircase to the Lair.
 16014 | D:9      | Reached skill level 5 in Fighting
 16272 | D:10     | Noticed Urug
 16432 | D:10     | Killed Urug
 16576 | D:10     | Reached **** piety under Vehumet
 16587 | D:10     | Offered knowledge of Conjure Flame by Vehumet.
 16696 | D:10     | Found a runed translucent door.
 16700 | D:10     | Learned a level 2 spell: Blink
 16702 | D:10     | Noticed Deep1's ghost (weakling OpCj)
 16703 | D:10     | Identified the +3 trident "Lifebane" {vorpal, Drain rElec
                  | rPois rN+}
 16796 | D:10     | Killed Deep1's ghost
 16811 | D:10     | Reached XP level 12. HP: 46/70 MP: 16/22
 17019 | D:10     | Noticed a vault guard
 17138 | D:10     | Killed a vault guard
 17143 | D:10     | Found a portal to a secret trove of treasure.
 17483 | D:11     | Noticed Erolcha
 17501 | D:11     | Killed Erolcha
 17584 | D:11     | Noticed Grum
 17585 | D:11     | Reached skill level 5 in Polearms
 17594 | D:11     | Killed Grum
 17984 | D:11     | Noticed Sonja
 17994 | D:11     | Killed Sonja
 17994 | D:11     | Reached ***** piety under Vehumet
 18002 | D:11     | Offered knowledge of Conjure Ball Lightning by Vehumet.
 18048 | D:11     | Noticed a two-headed ogre
 18056 | D:11     | Killed a two-headed ogre
 18620 | D:12     | Noticed a two-headed ogre
 18631 | D:12     | Killed a two-headed ogre
 18656 | D:12     | Noticed an eight-headed hydra
 18805 | D:12     | Killed an eight-headed hydra
 18895 | D:12     | Noticed a death knight
 19172 | D:11     | Killed a death knight
 19173 | D:11     | Reached skill level 10 in Dodging
 19346 | Lair:1   | Entered Level 1 of the Lair of Beasts
 19346 | Lair:1   | Noticed Harold
 19354 | Lair:1   | Killed Harold
 19355 | Lair:1   | Reached XP level 13. HP: 61/71 MP: 18/24
 19454 | Lair:1   | Reached skill level 1 in Staves
 19454 | Lair:1   | Reached skill level 1 in Evocations
 19546 | Lair:1   | Found a dark tunnel.
 19582 | Volcano  | Entered a volcano
 19931 | Volcano  | Noticed an orb of fire
 19969 | Volcano  | Noticed an orb of fire
 21257 | Lair:2   | Learned a level 5 spell: Lee's Rapid Deconstruction
 21511 | Lair:2   | Noticed Gastronok
 21527 | Lair:2   | Killed Gastronok
 21644 | Lair:2   | Offered knowledge of Orb of Destruction by Vehumet.
 21747 | Lair:2   | Found a hole to the Spider Nest.
 21964 | Lair:3   | Reached skill level 5 in Armour
 22171 | Lair:3   | Gained mutation: Your large and strong wings let you fly.
                  | [Gargoyle growth]
 22171 | Lair:3   | Reached XP level 14. HP: 84/84 MP: 13/27
 22411 | Lair:3   | Learned a level 7 spell: Orb of Destruction
 22908 | Lair:3   | Reached skill level 10 in Conjurations
 22977 | Lair:3   | Identified the +3 robe of Qecoyggi {Int-3 Slay+4}
 23584 | Lair:3   | Reached skill level 5 in Staves
 23660 | Lair:4   | Reached skill level 10 in Spellcasting
 23878 | Lair:4   | Found a gate leading to a gauntlet.
 23883 | Gauntlet | Entered a Gauntlet
 23883 | Gauntlet | Found a transporter.
 23920 | Gauntlet | Found a transporter.
 23940 | Gauntlet | Found a runed translucent door.
 23945 | Gauntlet | Found a transporter.
 23972 | Gauntlet | Found a transporter.
 23991 | Gauntlet | Found the amulet of the Air {Inacc Air Fly rElec RMsl}
 23996 | Gauntlet | Found a transporter.
 24000 | Gauntlet | Found a transporter.
 24001 | Gauntlet | Found a transporter.
 24028 | Gauntlet | Found a transporter.
 24033 | Gauntlet | Found a transporter.
 24037 | Gauntlet | Found a transporter.
 24047 | Gauntlet | Found a transporter.
 24048 | Gauntlet | Found a transporter.
 24403 | Gauntlet | Identified the +0 cloak of Evolution {+Inv Slay+2 SInv}
 24427 | Gauntlet | Identified the +10 great sword of Dissatisfaction {flame,
                  | rPois rCorr Int+2}
 24450 | Gauntlet | Reached ****** piety under Vehumet
 24451 | Gauntlet | Reached skill level 5 in Evocations
 24456 | Gauntlet | Identified the +4 whip "Kurroxt" {antimagic, Contam Str+9
                  | Dex+9 Stlth-}
 24456 | Gauntlet | Identified the +7 war axe of Theory {venom, rPois rF+++
                  | Will- MP+9}
 24476 | Gauntlet | Reached XP level 15. HP: 88/88 MP: 17/29
 25258 | Lair:4   | Found a staircase to the Shoals.
 25845 | Lair:4   | Found the +8 whip "Snakebite" {curare, rPois}
 26275 | Lair:5   | Offered knowledge of Ozocubu's Refrigeration by Vehumet.
 26645 | Lair:5   | Found a runed translucent door.
 27463 | Lair:5   | Noticed rigao's ghost (journeyman SpBr)
 27465 | Lair:5   | Found a staircase to the Slime Pits.
 27465 | Lair:5   | Found a viscous altar of Jiyva.
 27470 | Lair:5   | Identified the +1 ring mail of the Pink Corner {MP+9 Str+8
                  | Dex-2}
 27547 | Lair:5   | Reached XP level 16. HP: 38/93 MP: 14/31
 28586 | Lair:5   | Killed rigao's ghost
 28812 | Lair:6   | Entered Level 6 of the Lair of Beasts
 28907 | Lair:5   | Offered knowledge of Freezing Cloud by Vehumet.
 29548 | Lair:6   | Identified the +4 dagger of Doom {elec, rPois Str+3}
 30751 | Lair:6   | Identified the +6 hunting sling "Esoroykk" {vorpal, MP+9}
 30755 | Lair:6   | Identified the ring of Irutylygg {rElec rPois rC+ Will+
                  | Dex-3}
 31076 | D:12     | Found a staircase to the Orcish Mines.
 31281 | D:12     | Found Reihef's Antique Armour Shop.
 31289 | D:12     | Bought a pair of glowing gloves for 255 gold pieces
 31417 | D:13     | Found a gate to the Vaults.
 31417 | D:13     | Noticed Rupert
 31417 | D:13     | Noticed Nessos
 31420 | D:13     | Offered knowledge of Starburst by Vehumet.
 31450 | D:13     | Killed Nessos
 31452 | D:13     | Reached skill level 7 in Ice Magic
 31465 | D:13     | Killed Rupert
 32175 | D:13     | Noticed Azrael
 32184 | D:13     | Killed Azrael
 32920 | D:13     | Reached skill level 8 in Ice Magic
 33175 | D:13     | Identified the amulet of Deices {Spirit Dex+2}
 33291 | D:13     | Reached XP level 17. HP: 97/97 MP: 32/32
 33564 | D:14     | Found a transporter.
 33568 | D:14     | Noticed rigao's ghost (adept SpBr)
 33716 | D:14     | Identified the ring of Ixtoda {*Corrode Will+++ Str+6
                  | Int+6}
 33749 | D:14     | Found a glowing golden altar of the Shining One.
 34261 | D:14     | Reached skill level 10 in Staves
 34643 | D:14     | Found a transporter.
 35383 | D:14     | Reached skill level 9 in Ice Magic
 35460 | D:14     | Noticed an acid blob
 35460 | D:14     | an eleionoma changed into an acid blob
 35487 | D:14     | an acid blob changed into an iron dragon
 35598 | D:14     | Noticed an iron giant
 35598 | D:14     | an iron dragon changed into an iron giant
 35618 | D:14     | Noticed a caustic shrike
 35618 | D:14     | an iron giant changed into a caustic shrike
 35624 | D:14     | Killed rigao's ghost
 35626 | D:14     | a caustic shrike changed into a shadow dragon
 35965 | D:14     | Noticed a quicksilver dragon
 35971 | D:14     | Killed a quicksilver dragon
 36115 | D:14     | Identified the +3 buckler "Mippubo" {Regen+}
 36181 | D:15     | Entered Level 15 of the Dungeon
 36524 | D:15     | Learned a level 7 spell: Ozocubu's Refrigeration
 37166 | D:15     | Found a staircase to the Depths.
 37309 | Orc:1    | Entered Level 1 of the Orcish Mines
 37320 | Orc:1    | Offered knowledge of Iron Shot by Vehumet.
 37509 | Lair:3   | Reached XP level 18. HP: 103/103 MP: 32/34
 37517 | Lair:3   | Learned a level 6 spell: Iron Shot
 37734 | Orc:1    | Found Midi's Magic Scroll Emporium.
 38117 | Orc:2    | Entered Level 2 of the Orcish Mines
 38126 | Orc:2    | Found Nimoq's Distillery.
 38336 | Orc:2    | Reached skill level 10 in Ice Magic
 38631 | Orc:2    | Found Meadghiz's Antique Armour Shop.
 38636 | Orc:2    | Found Siutigion's Antique Weapon Shop.
 38662 | Orc:2    | Found Ysiusel's Jewellery Shop.
 38689 | Orc:2    | Found Huxkid's General Store.
 38993 | Orc:2    | Found a staircase to the Elven Halls.
 39410 | Orc:2    | Bought a pair of faintly humming gloves for 323 gold pieces
 39410 | Orc:2    | Identified the -3 pair of gloves "Riohuw" {Rampage rF+}
                  | (You bought it in a shop on level 2 of the Orcish Mines)
 39410 | Orc:2    | Bought a slimy leather armour for 238 gold pieces
 39410 | Orc:2    | Identified the +1 leather armour of the Blue Skies {rElec
                  | Dex+4 Slay+2} (You bought it in a shop on level 2 of the
                  | Orcish Mines)
 39556 | Spider:1 | Entered Level 1 of the Spider Nest
 39623 | Spider:1 | Offered knowledge of Spellforged Servitor by Vehumet.
 40615 | Spider:2 | Reached XP level 19. HP: 90/107 MP: 35/35
 41038 | Spider:2 | Reached skill level 11 in Ice Magic
 41178 | Spider:2 | Noticed Louise
 41187 | Spider:2 | Noticed Aizul
 41196 | Spider:2 | Killed Aizul
 41205 | Spider:2 | Killed Louise
 41390 | Spider:2 | Noticed Asterion
 41398 | Spider:2 | Killed Asterion
 41896 | Spider:3 | Reached skill level 12 in Ice Magic
 41997 | Spider:3 | Noticed Roxanne
 42009 | Spider:3 | Found a frozen archway.
 42071 | IceCv    | Entered an ice cave
 42307 | IceCv    | Offered knowledge of Lehudib's Crystal Spear by Vehumet.
 42307 | IceCv    | Offered knowledge of Polar Vortex by Vehumet.
 42307 | IceCv    | Offered knowledge of Maxwell's Capacitive Coupling by
                  | Vehumet.
 44223 | Spider:3 | Identified the +6 short sword of Loyrat {vorpal, *Corrode
                  | rN+ Dex+7}
 44568 | Spider:3 | Killed Roxanne
 44725 | Spider:4 | Entered Level 4 of the Spider Nest
 44824 | Spider:4 | Noticed Bai Suzhen
 45595 | Spider:4 | Killed Bai Suzhen
 45596 | Spider:4 | Reached skill level 13 in Ice Magic
 45725 | Spider:4 | Identified the +11 hand crossbow of Valour {penet, Fly
                  | rElec Int+3}
 46188 | Spider:4 | Reached XP level 20. HP: 114/115 MP: 33/37
 46597 | Spider:4 | Got a gossamer rune of Zot
 46880 | Elf:1    | Entered Level 1 of the Elven Halls
 48525 | Elf:2    | Paralysed by an air elemental for 1 turns
 48528 | Elf:2    | Paralysed by an air elemental for 1 turns
 48553 | Elf:2    | Identified the +2 robe "Cadghiffyu" {Rampage Dex+3 Stlth+}
 48714 | Elf:2    | Found a runed translucent gate.
 48742 | Elf:2    | Reached skill level 14 in Ice Magic
 48866 | Elf:2    | Found a runed translucent gate.
 48868 | Elf:2    | Found a runed translucent gate.
 48991 | Elf:2    | Reached skill level 10 in Earth Magic
 50239 | Elf:2    | Reached skill level 10 in Fighting
 51459 | Elf:3    | Entered Level 3 of the Elven Halls
 52511 | Elf:3    | Identified the +7 hand crossbow of Mayhem {penet, rElec}
 52728 | Elf:3    | Reached XP level 21. HP: 121/123 MP: 15/39
 52884 | Elf:3    | Identified the +1 robe of Distant Worlds {Will+ rCorr
                  | Dex+6}
 53188 | Elf:3    | Identified the +10 dagger "Mestyhugo" {elec, rElec rPois
                  | rN+ Int+5}
 53228 | Elf:3    | Reached skill level 15 in Spellcasting
 53300 | Elf:3    | Identified the +8 war axe of Corporal Punishment {venom,
                  | rCorr}
 53617 | Elf:3    | Learned a level 9 spell: Polar Vortex
 53624 | Elf:3    | Got Liameuso's Tome of the Traveller
 53670 | Elf:3    | Identified the +4 quarterstaff of Circularity {spect,
                  | Str+3}
 53709 | Elf:3    | Identified the +5 mace of Plague {speed, Dex+2}
 53945 | Elf:3    | Acquired the +6 Majin-Bo {vamp, MP+6 Int+6}
 53946 | Elf:3    | Found the +6 Majin-Bo {vamp, MP+6 Int+6}
 54064 | Elf:3    | Gained mutation: Your body sometimes deteriorates upon
                  | taking damage. [mutagenic glow]
 54319 | D:11     | Lost mutation: Your body sometimes deteriorates upon taking
                  | damage. [potion of mutation]
 54319 | D:11     | Gained mutation: Your muscles are strong. (Str +2) [potion
                  | of mutation]
 54319 | D:11     | Gained mutation: Your skin changes colour to match your
                  | surroundings (Stealth+). [potion of mutation]
 54319 | D:11     | Gained mutation: Your magical capacity is low. (-10% MP)
                  | [potion of mutation]
 54320 | D:11     | Lost mutation: Your skin changes colour to match your
                  | surroundings (Stealth+). [potion of mutation]
 54320 | D:11     | Lost mutation: Your magical capacity is low. (-10% MP)
                  | [potion of mutation]
 54458 | Shoals:1 | Entered Level 1 of the Shoals
 54733 | Shoals:1 | Reached skill level 1 in Translocations
 54816 | Shoals:1 | Noticed Kirke
 54825 | Shoals:1 | Killed Kirke
 56948 | Shoals:2 | Reached skill level 5 in Shields
 57101 | Shoals:3 | Found a runed translucent gate.
 57101 | Shoals:3 | Found a runed translucent gate.
 57101 | Shoals:3 | Found an opulent altar of Gozag.
 57221 | Shoals:3 | Found a runed translucent gate.
 57223 | Shoals:3 | Found Pocvoruh's Assorted Antiques.
 57223 | Shoals:3 | Noticed Avuolin's ghost (adept HaHu)
 57240 | Shoals:3 | Killed Avuolin's ghost
 57723 | Shoals:3 | Reached XP level 22. HP: 128/128 MP: 10/41
 58234 | Shoals:4 | Entered Level 4 of the Shoals
 58486 | Shoals:4 | Reached skill level 15 in Ice Magic
 59849 | Shoals:4 | Got a barnacled rune of Zot
 60751 | Vaults:1 | Entered Level 1 of the Vaults
 61873 | Vaults:1 | Noticed Donald
 61883 | Vaults:1 | Killed Donald
 63279 | Vaults:1 | Reached XP level 23. HP: 131/133 MP: 43/43
 64123 | Vaults:2 | Found Icziwkun's Assorted Antiques.
 64231 | Vaults:2 | Bought a glowing helmet for 307 gold pieces
 64678 | Vaults:2 | Identified the +2 robe of Fun and Games {rPois rC- Int+4
                  | Dex+9}
 65539 | Vaults:2 | Found a staircase to the Crypt.
 65539 | Vaults:2 | Found a basalt altar of Yredelemnul.
 65540 | Vaults:2 | Found an ancient bone altar of Kikubaaqudgha.
 65915 | Vaults:3 | Found Doss's Book Boutique.
 67039 | Vaults:3 | Paralysed by a sphinx for 3 turns
 68452 | Vaults:4 | Reached skill level 16 in Ice Magic
 69192 | Vaults:4 | Reached skill level 10 in Shields
 69555 | Vaults:4 | Reached XP level 24. HP: 139/139 MP: 44/44
 70657 | D:10     | You paid a toll of 9 potions of haste to enter a treasure
                  | trove
 70658 | Trove    | Entered a treasure trove
 70727 | Trove    | Learned a level 8 spell: Lehudib's Crystal Spear
 70747 | Trove    | Identified the amulet "Iffif" {Reflect Will+ SH+5}
 70749 | Trove    | Identified the amulet of Mirth {rC+ Will++ Regen+ Int+2}
 70802 | D:10     | Reached XP level 25. HP: 144/144 MP: 44/44
 71041 | Vaults:5 | Entered Level 5 of the Vaults
 71164 | Vaults:5 | Noticed a dread lich
 71262 | Vaults:5 | Noticed an ancient lich
 71266 | Vaults:4 | Killed a dread lich
 71738 | Vaults:5 | Reached skill level 15 in Conjurations
 71742 | Vaults:4 | Killed an ancient lich
 71743 | Vaults:4 | Reached skill level 17 in Ice Magic
 73215 | Vaults:5 | Noticed Mara
 73221 | Vaults:5 | Killed Mara
 73647 | Vaults:5 | Identified the +9 mace "Dickacegh" {flame, rC+}
 73647 | Vaults:5 | Identified the +2 leather armour of the Boiling Point {rC+}
 73860 | Vaults:5 | Identified the ring "Dyrelod" {rPois Str+2 Int+6 Stlth+}
 73864 | Vaults:5 | Reached XP level 26. HP: 102/152 MP: 6/44
 74491 | Vaults:5 | Got the Disquisition on Lethal Moulding
 74504 | Vaults:5 | Identified the +9 dagger "Cubihegish" {antimagic, Dex+3}
 74531 | Vaults:5 | Identified the +7 hunting sling "Impbane" {venom, rElec rC+
                  | Int+2 SInv}
 74686 | Vaults:5 | Identified the +0 robe of Gehenna {Int+5}
 75332 | Vaults:5 | Got a silver rune of Zot
 75380 | Vaults:5 | Found the +4 skin of Zhor {*Englaciate rC+++ SInv}
 75965 | Depths:1 | Entered Level 1 of the Depths
 76016 | Depths:1 | Found a one-way gate leading to the halls of Pandemonium.
 76326 | Depths:1 | Found Guurafef's Antique Armour Shop.
 76334 | Depths:1 | Found Naterphofeo's Book Boutique.
 76336 | Depths:1 | Bought a pair of ichor-stained boots for 256 gold pieces
 76336 | Depths:1 | Identified the +2 pair of boots "Pounwukki" {Will+} (You
                  | bought it in a shop on level 1 of the Depths)
 76336 | Depths:1 | Bought a pair of glimmering boots for 256 gold pieces
 76336 | Depths:1 | Identified the +1 pair of boots "Rynogi" {rF+ Dex+2} (You
                  | bought it in a shop on level 1 of the Depths)
 76357 | Depths:1 | Found a gateway to Hell.
 76527 | Depths:1 | Found Haghugeo's Jewellery Shoppe.
 76839 | Orc:1    | Bought a scroll of blinking for 97 gold pieces
 76839 | Orc:1    | Bought a scroll of magic mapping for 45 gold pieces
 76839 | Orc:1    | Bought a scroll of teleportation for 39 gold pieces
 76839 | Orc:1    | Bought a scroll of enchant armour for 97 gold pieces
 77041 | D:5      | Bought the ring of Wyunud {Wiz *Slow rF+ rC+ Int+3} for 723
                  | gold pieces
 77703 | Depths:1 | Found a bloodstained altar of Trog.
 78420 | Depths:2 | Reached skill level 18 in Ice Magic
 78524 | Depths:2 | Reached skill level 10 in Evocations
 79248 | Depths:2 | Identified the +1 scale mail of the Orb Guardian {+Blink
                  | Dex+6 Slay+3}
 79584 | Depths:2 | Found Kyat's Book Emporium.
 79877 | Depths:2 | Found a one-way gate to the infinite horrors of the Abyss.
 80105 | Depths:3 | Found a flickering gateway to a bazaar.
 80127 | Bazaar   | Entered a bazaar
 80201 | Bazaar   | Found Ytumnyrph's Weapon Emporium.
 80201 | Bazaar   | Found Bautatet's Antique Weapon Shoppe.
 80223 | Bazaar   | Found Pavaesh's Antique Armour Emporium.
 80223 | Bazaar   | Found Wuublohi's Jewellery Shoppe.
 80245 | Bazaar   | Found Lubez's Assorted Antiques.
 80261 | Bazaar   | Found Heas's Antique Armour Emporium.
 80261 | Bazaar   | Found Qigoo's General Store.
 80266 | Bazaar   | Bought 2 potions of heal wounds for 120 gold pieces
 80266 | Bazaar   | Bought a potion of cancellation for 96 gold pieces
 80266 | Bazaar   | Bought 2 scrolls of teleportation for 72 gold pieces
 80266 | Bazaar   | Bought a scroll of teleportation for 36 gold pieces
 80266 | Bazaar   | Bought a potion of curing for 36 gold pieces
 80266 | Bazaar   | Bought a potion of lignification for 36 gold pieces
 80266 | Bazaar   | Bought a potion of mutation for 96 gold pieces
 80272 | Bazaar   | Bought a shimmering ring mail for 162 gold pieces
 80272 | Bazaar   | Identified the +0 ring mail of the Lich-sworn {rF+ Regen+}
                  | (You bought it in a shop in a bazaar)
 80594 | Depths:3 | Reached XP level 27. HP: 157/157 MP: 29/44
 81456 | Depths:3 | Reached skill level 15 in Shields
 81463 | Depths:3 | Found a snail-covered altar of Cheibriados.
 81907 | Depths:4 | Found a bloodstained altar of Trog.
 82053 | Depths:4 | Found a gateway to a ziggurat.
 82054 | Depths:4 | Identified the +8 dagger of Ifush {freeze, rN+}
 82468 | Depths:4 | Reached skill level 19 in Ice Magic
 82608 | Depths:4 | Identified the +1 leather armour of Nyip {Stlth+}
 83677 | Depths:4 | Found a stormy altar of Qazlal.
 84189 | Depths:5 | Entered Level 5 of the Depths
 84274 | Depths:5 | Reached skill level 15 in Dodging
 84724 | Depths:5 | Reached skill level 10 in Armour
 84978 | Depths:5 | Found a gate to the Realm of Zot.
 85009 | Zot:1    | Entered Level 1 of the Realm of Zot
 85148 | Zot:1    | Reached skill level 20 in Ice Magic
 85270 | Zot:1    | Identified the +5 shortbow "Teifoico" {flame, rElec Str+4}
 85641 | Zot:1    | Learned a level 3 spell: Ozocubu's Armour
 85660 | Zot:1    | Identified the amulet of the Ancients {Will+ Regen+}
 86137 | Zot:1    | Reached skill level 15 in Fighting
 86295 | Zot:2    | Reached skill level 15 in Earth Magic
 87770 | Zot:3    | Found a glowing golden altar of the Shining One.
 88565 | Zot:3    | Found a transporter.
 89527 | Zot:3    | Found a transporter.
 90534 | Zot:3    | Identified the amulet "Geafablyato" {Reflect rPois rF+
                  | Str+6 Dex-5 SH+5}
 90597 | Zot:4    | Found the +10 tower shield of Ignorance {rN+ Int-4}
 92596 | Zot:5    | Entered Level 5 of the Realm of Zot
 93752 | Zot:5    | Reached skill level 21 in Ice Magic
 93890 | Zot:5    | Noticed an ancient lich
 93891 | Zot:5    | Noticed a dread lich
 93894 | Zot:5    | Noticed an orb of fire
 93902 | Zot:5    | Killed a dread lich
 93904 | Zot:5    | Gained mutation: Your magical capacity is low. (-10% MP)
                  | [an orb of fire]
 93904 | Zot:5    | Gained mutation: You sometimes lose the ability to read
                  | scrolls when taking damage. [an orb of fire]
 93905 | Zot:5    | Lost mutation: Your muscles are strong. (Str +2) [an orb of
                  | fire]
 94037 | Zot:4    | Lost mutation: Your magical capacity is low. (-10% MP)
                  | [potion of mutation]
 94037 | Zot:4    | Lost mutation: You sometimes lose the ability to read
                  | scrolls when taking damage. [potion of mutation]
 94037 | Zot:4    | Gained mutation: You have sharp toenails. [potion of
                  | mutation]
 94037 | Zot:4    | Gained mutation: You have sharp fingernails. [potion of
                  | mutation]
 94093 | Zot:5    | Gained mutation: You passively map a small area around you.
                  | [an orb of fire]
 94096 | Zot:5    | Killed an orb of fire
 94265 | Zot:5    | Noticed a dread lich
 94268 | Zot:5    | Noticed an ancient lich
 94294 | Zot:5    | Noticed a dread lich
 94306 | Zot:5    | Killed a dread lich
 94309 | Zot:5    | Killed a dread lich
 94324 | Zot:5    | Killed an ancient lich
 94641 | Zot:5    | Noticed an orb of fire
 94647 | Zot:5    | Killed an orb of fire
 94823 | Zot:5    | Noticed an ancient lich
 94831 | Zot:5    | Killed an ancient lich
 94985 | Zot:5    | Noticed an ancient lich
 94995 | Zot:5    | Killed an ancient lich
 94996 | Zot:5    | Reached skill level 22 in Ice Magic
 95008 | Zot:5    | Noticed a dread lich
 95013 | Zot:5    | Killed a dread lich
 95078 | Zot:5    | Noticed an ancient lich
 95080 | Zot:5    | Killed an ancient lich
 95081 | Zot:5    | Killed an ancient lich
 95407 | Depths:2 | Voluntarily entered the Abyss.
 96439 | Abyss:1  | Found a corrupted altar of Lugonu.
 96482 | Abyss:1  | Found a corrupted altar of Lugonu.
 96786 | Abyss:1  | Reached skill level 23 in Ice Magic
 97207 | Abyss:3  | Got an abyssal rune of Zot
 97248 | Abyss:3  | Got Sif Muna's Handbook of Nocuous Dark Arts
 97250 | Abyss:3  | Noticed an ancient lich
 97315 | Abyss:3  | Gained mutation: Your spells are a little easier to cast,
                  | but a little less powerful. [a cacodemon]
 97337 | Depths:2 | Escaped the Abyss
 97929 | Slime:1  | Entered Level 1 of the Pits of Slime
 99577 | Slime:4  | Reached skill level 24 in Ice Magic
100070 | Slime:5  | Entered Level 5 of the Pits of Slime
100156 | Slime:5  | Found a viscous altar of Jiyva.
100159 | Slime:5  | Found the ring of Shadows {Umbra +Inv Stlth+}
100305 | Slime:5  | Noticed the Royal Jelly
100312 | Slime:5  | Killed the Royal Jelly
100436 | Slime:5  | Got Sif Muna's Handbook of the Volcanoes
100455 | Slime:5  | Identified the +7 hand axe of Qoiroxaf {pain, +Blink}
100459 | Slime:5  | Got a slimy rune of Zot
100485 | Slime:5  | Identified the +7 whip of Havoc {elec, SInv}
100519 | Slime:5  | Identified the +5 great sword of Bunkir {drain, Fragile
                  | Will+++ Dex+8 SInv}
101174 | Hell     | Entered the Vestibule of Hell
101174 | Hell     | Noticed Geryon
101179 | Hell     | Noticed Murray
101184 | Hell     | Killed Geryon
101188 | Hell     | Killed Murray
101239 | Hell     | Noticed an ancient lich
101270 | Hell     | Killed an ancient lich
101485 | Hell     | Found a gateway to the ashen valley of Gehenna.
101775 | Hell     | Found a gateway to the decaying netherworld of Tartarus.
101822 | Hell     | Found a gateway to the freezing wastes of Cocytus.
101907 | Hell     | Found a gateway to the Iron City of Dis.
102276 | Elf:3    | Learned a level 9 spell: Shatter
102442 | Elf:3    | Learned a level 5 spell: Metabolic Englaciation
102785 | Dis:1    | Entered Level 1 of the Iron City of Dis
103564 | Dis:1    | Reached skill level 25 in Ice Magic
106482 | Dis:4    | Gained mutation: You are partially covered in iridescent
                  | scales. (AC +2) [a cacodemon]
107613 | Dis:7    | Entered Level 7 of the Iron City of Dis
107795 | Dis:7    | Gained mutation: Your spells are easier to cast, but less
                  | powerful. [a cacodemon]
107810 | Dis:7    | HP: 8/176 [hellion/damnation[the effects of Hell] (29)]
108306 | Dis:7    | Identified the +11 scimitar of Sega {drain, rF++ Will-
                  | Int+7}
108643 | Dis:7    | Found the +5 robe of Misfortune {Contam Harm *Corrode Drain
                  | *Slow EV+5}
108923 | Dis:7    | Identified the +4 whip of Plague {vamp, Will+}
109351 | Dis:7    | Found the +4 staff of Dispater
109351 | Dis:7    | Noticed Dispater
109357 | Dis:7    | Killed from afar by a Hell Sentinel

Illustrated notes

Levels and vault maps discovered:
D:1:      roderic_crop_circles_arrival_small, layout_basic,
          ebering_ecumenical_altar_petrified, minmay_gold_behind_fungi
D:2:      layout_basic, serial_shops, shop, kennysheep_cross_room,
          minmay_stone_trees_small
D:3:      layout_loops_ring, uniq_terence
D:4:      layout_cave_pools, portal_sewer_entry_b
D:5:      layout_rooms, nicolae_overflow_crystal_walls,
          chequers_temple_overflow_minitemple, nicolae_stop_n_shop_2
D:6:      layout_cave_pools, minmay_temple_entry_large_hall,
          hangedman_abyss_or_decor_slice, minmay_misc_feat_hallway,
          kennysheep_pointless_box, serial_bayou_crossing
D:7:      layout_loops_ring, serial_bayou, serial_bayou_lagoon_b,
          serial_bayou_pond_b, serial_bayou_ford_a, serial_bayou_lagoon_a,
          hangedman_decor_riveting, minmay_strange_pillars
D:8:      layout_layer_cave, lemuel_tele_altar
D:9:      layout_grid_maze, enter_bailey_5, grunt_tough_drop,
          uniq_prince_ribbit1
D:10:     layout_roguey, david_lair_generic, enter_trove_5,
          ebering_ghost_funeral_grove, uniq_urug
D:11:     layout_cave_pods, uniq_erolcha, uniq_grum, uniq_sonja
D:12:     layout_rooms, erik_orc_4, serial_shops,
          nicolae_shop_overgrown_old_shop
D:13:     layout_irregular_city, david_vaults_3, hangedman_corner_corridor,
          uniq_azrael, uniq_nessos
D:14:     layout_layer_cave, tso_metal_star, gammafunk_ghost_arena,
          kennysheep_generic_room_4
D:15:     gammafunk_enter_depths_forms, layout_rooms, serial_park_tiny_2
Temple:   regret_index_temple_sphere_string
Lair:1:   lemuel_slime, layout_long_grid, nicolae_volcano_entry_two_sided,
          serial_bayou_shore_a, uniq_harold
Lair:2:   layout_cave_shapes, dummy_spider_entry, minivault_25,
          grunt_megastairs_1, serial_bayou_shore_b, infiniplex_staircase_pool_2,
          serial_bayou_shore_b, uniq_gastronok
Lair:3:   lemuel_reptile_caves, layout_misc_corridors, beast_lair_carwin_9
Lair:4:   minmay_guarded_unrand_snakebite, layout_small_grid,
          shoals_dummy_entry, gauntlet_entry_generic, lemuel_old_faithful,
          lemuel_fruit_tree, grunt_megastairs_2
Lair:5:   regret_index_harrowing_hell_hive, layout_gridlike, slime_altar_1,
          gammafunk_ghost_grave, lemuel_fruit_fields
Lair:6:   gammafunk_lair_ancient_temple, layout_regular_city,
          infiniplex_staircase_pool
Shoals:1: layout_shoals, uniq_kirke
Shoals:2: layout_shoals, st_sunken_temple
Shoals:3: layout_shoals, ebering_ghost_gozag, nicolae_shoals_pincushion_passage
Shoals:4: shoals_end_simple, layout_shoals, nicolae_shoals_kraken_intersection
Spider:1: layout_spider_delve, guppyfry_spider_mini_3
Spider:2: layout_spider_delve, uniq_asterion, uniq_aizul, uniq_louise
Spider:3: layout_spider_delve, portal_ice_cave_entry_dragon,
          nicolae_spider_orb_run, uniq_roxanne
Spider:4: spider_rune_water, spiders_nest_spider_trap, uniq_bai_suzhen
Slime:1:  layout_caves
Slime:2:  layout_caves
Slime:3:  layout_caves
Slime:4:  layout_caves, nicolae_slime_barrier
Slime:5
Orc:1:    layout_diamond_mine, basic_altar, serial_shops, shop
Orc:2:    grunt_orc_cross, layout_caves, serial_shops, nicolae_shop_trees,
          mines5_lemuel
Elf:1:    layout_loops_corners, hangedman_elf_represent, drop_trap
Elf:2:    layout_onion_city, lemuel_flamethrower_1
Elf:3:    minmay_elf_hall_quartered_circle, layout_geoelf_castle
Vaults:1: hangedman_vaults_capsules, hangedman_vaults_maws, v_alt_pattern_4,
          ontoclasm_vaults_spin, grunt_vaults_diagonal, v_alt_pattern_6,
          vaults_room_grunt_arrival_checkpoint, nicolae_vaults_circle_grid_a,
          v_pattern_5, vaults_dpeg_cross, layout_vaults_omnigrid, uniq_donald
Vaults:2: ontoclasm_vaults_twist, ontoclasm_vaults_hangar, vaults_room_pools,
          vaults_room_large_hall, vaults_mumra_lcd,
          hangedman_vaults_corner_blocks, vaults_room_ringed_pool,
          minmay_crypt_entry_necro_gods, nicolae_vaults_ring_of_whatevers,
          layout_vaults_chaotic_city, serial_shops, shop_statue
Vaults:3: ontoclasm_vaults_shuriken, ontoclasm_vaults_ring_large,
          grunt_vaults_bifocal, nicolae_vaults_little_squares_2,
          nicolae_vaults_know_your_exits, vaults_mumra_chevron, v_misc_19,
          nicolae_vaults_gold_heap, vaults_room_pools, nicolae_vaults_alarming,
          vaults_dpeg_hooks, layout_vaults_omnibox, serial_shops,
          nicolae_square_shop
Vaults:4: v_misc_14, vaults_room_fancy_cross, grunt_vaults_swirl, v_rooms_4,
          hangedman_vaults_hard_town_square, vaults_room_boxed,
          nicolae_vaults_little_ls, ontoclasm_vaults_tryst,
          hangedman_vaults_variations, grunt_vaults_twisty,
          nicolae_vaults_little_squares_4, nicolae_vaults_angled_halls,
          nicolae_vaults_sealed_display, layout_vaults_ring
Vaults:5: serial_shops, uniq_mara
Depths:1: layout_basic, rand_demon_pan_entry_8, hell_entry, serial_shops, shop,
          chequers_serial_rivers_micro_d, evilmike_spriggan_trog_shrine,
          minmay_shoptagon
Depths:2: minmay_the_grid_3x3 [minmay_the_grid_plusring, minmay_the_grid_garden,
          minmay_the_grid_fan, minmay_the_grid_tri_star,
          minmay_the_grid_minigrid_large, minmay_the_grid_broken_lines,
          minmay_the_grid_artifice, minmay_the_grid_spikes,
          minmay_the_grid_prize_diamond_cup], layout_basic, serial_shops,
          nicolae_shop_behind_doors, hellmouth_1, abyss_entry
Depths:3: pf_snail_temple, layout_small_grid, dk_noncrumbling_2,
          rand_demon_pan_entry_3, grunt_hell_entry_dis_grunt, serial_shops,
          bzr_entry_lakeside, serial_bayou_shore_b, minmay_staircase_statues
Depths:4: regret_index_qazlal_generations, layout_basic, enter_ziggurat_a,
          minmay_room_of_horrors, bloody_trog, hangedman_geh_valley,
          chequers_serial_rivers_room_b, minmay_staircase_bubble
Depths:5: grunt_zot_entry_gee_three, layout_cave_shapes, abyss_entry,
          hell_entry, pan_entry, serial_bayou_shore_b
Hell
Dis:1:    hangedman_iron_city_apartments, layout_regular_city
Dis:2:    layout_overlapping_boxes, evilmike_ambush
          [evilmike_ambush_outer_corners, evilmike_ambush_inner_wall_1]
Dis:3:    layout_chaotic_city, lemuel_elevator
Dis:4:    grunt_deathspiral_small, layout_subdivisions,
          nicolae_dis_strange_trophy_room
Dis:5:    layout_regular_city, grunt_megastairs_5
Dis:6:    layout_chaotic_city
Dis:7:    dis_hangedman
Zot:1:    layout_cathedral_of_symmetry
Zot:2:    layout_misc_corridors, hangedman_elemental_corridor,
          grunt_megastairs_4
Zot:3:    gammafunk_sealed_arena, layout_concentric_octagons, basic_altar,
          lemuel_baited_zot_trap, zot_minivault_6
Zot:4:    circus_mu, layout_gridlike
Zot:5:    layout_misc_corridors

Skill      XL: |  1  2  3  4  5  6  7  8  9 10 11 12 13 14 15 16 17 18 19 20 21 22 23 24 25 26 27 |
---------------+----------------------------------------------------------------------------------+-----
Earth Magic    | 4 5 6 8 9 10 12 20 | 20.2
Dodging        | 2 3 4 6 8 10 11 12 13 14 18 | 18.9
Conjurations   | 1 2 3 4 5 7 8 9 11 12 14 15 17 18 | 18.0
Stealth        | 3 4 6 7 8 |  8.0
Spellcasting   | 3 4 5 6 7 9 10 11 12 13 14 15 16 17 21 | 21.8
Fighting       | 2 3 4 6 7 8 9 10 11 12 19 | 19.6
Short Blades   | 1 2 |  2.0
Shields        | 4 5 7 10 11 13 14 15 | 15.0
Ice Magic      | 3 6 8 9 10 13 14 15 16 17 18 25 | 25.3
Polearms       | 1 2 4 6 |  6.0
Armour         | 3 5 6 7 8 14 | 14.6
Staves         | 4 5 7 9 10 11 12 13 | 13.4
Evocations     | 4 5 6 8 9 10 13 | 13.0
Translocations | 4 |  4.0
Transmutations | |  0.7

Action                   |  1- 3 |  4- 6 |  7- 9 | 10-12 | 13-15 | 16-18 | 19-21 | 22-24 | 25-27 || total
-------------------------+-------+-------+-------+-------+-------+-------+-------+-------+-------++-------
Melee: Unarmed           |    52 |       |       |       |       |       |       |       |       ||    52
       Club              |    13 |       |       |       |       |       |       |       |       ||    13
       Short sword       |    81 |    80 |   200 |       |       |       |       |       |       ||   361
       Flail             |       |     4 |   133 |     6 |    20 |       |       |       |       ||   163
       Long sword        |       |       |    30 |       |       |       |       |       |       ||    30
       Spear             |       |       |     1 |    85 |       |       |       |       |       ||    86
       Trident           |       |       |       |   176 |       |       |       |       |       ||   176
       Staff             |       |       |       |       |   264 |   245 |   877 |   135 |  1100 ||  2621
       Whip              |       |       |       |       |   153 |   507 |   207 |       |       ||   867
       Quarterstaff      |       |       |       |       |       |       |   248 |   491 |    75 ||   814
Throw: Dart              |       |       |       |    31 |       |       |       |       |       ||    31
 Cast: Sandblast         |    10 |    18 |     9 |       |       |       |       |       |       ||    37
       Stone Arrow       |       |    11 |    71 |    68 |    54 |    75 |   149 |    30 |    11 ||   469
       Frozen Ramparts   |       |       |    19 |    64 |    88 |    45 |    47 |    38 |    25 ||   326
       Searing Ray       |       |       |       |    45 |     3 |       |     1 |       |       ||    49
       Ignite Poison     |       |       |       |     4 |       |       |       |       |       ||     4
       Hailstorm         |       |       |       |    31 |    96 |   111 |    61 |    59 |    35 ||   393
       Fulminant Prism   |       |       |       |    16 |       |     4 |       |       |       ||    20
       Lee's Rapid Decon |       |       |       |       |     3 |       |    14 |     5 |    29 ||    51
       Orb of Destructio |       |       |       |       |     7 |    19 |    16 |     5 |    66 ||   113
       Blink             |       |       |       |       |       |     1 |     1 |       |     6 ||     8
       Ozocubu's Refrige |       |       |       |       |       |    23 |   149 |   141 |   233 ||   546
       Iron Shot         |       |       |       |       |       |     6 |    50 |    26 |     9 ||    91
       Lehudib's Crystal |       |       |       |       |       |       |       |       |   187 ||   187
       Polar Vortex      |       |       |       |       |       |       |       |       |   339 ||   339
       Shatter           |       |       |       |       |       |       |       |       |    83 ||    83
       Ozocubu's Armour  |       |       |       |       |       |       |       |       |    17 ||    17
       Metabolic Englaci |       |       |       |       |       |       |       |       |     2 ||     2
Evoke: Wand              |       |       |       |     2 |       |       |       |     1 |       ||     3
  Use: Scroll            |       |       |    16 |     8 |     5 |     3 |     4 |       |     7 ||    43
       Potion            |       |       |       |     5 |     1 |     1 |     2 |     1 |     5 ||    15
 Stab: Sleeping          |     7 |     1 |     8 |     1 |     2 |     4 |    18 |     6 |     6 ||    53
       Distracted        |       |       |       |       |       |       |     4 |     1 |     2 ||     7
Armor: Robe              |    51 |    28 |       |       |       |       |       |       |       ||    79
       Steam dragon scal |       |     7 |   174 |   100 |       |       |       |       |       ||   281
       Troll leather arm |       |       |       |    55 |     5 |       |       |       |       ||    60
       Leather armour    |       |       |       |       |   139 |   391 |   781 |   280 |    88 ||  1679
       Animal skin       |       |       |       |       |       |       |       |       |   173 ||   173
       Quicksilver drago |       |       |       |       |       |       |       |       |   795 ||   795
Dodge: Dodged            |    99 |    58 |   283 |   246 |   368 |   531 |   899 |   350 |   940 ||  3774
Block: Other             |    12 |    14 |    34 |       |       |       |    41 |    91 |    26 ||   218
       Buckler           |       |       |   143 |   235 |   250 |   476 |   751 |       |       ||  1855
       Reflection        |       |       |     3 |    12 |     2 |    26 |    23 |    26 |    22 ||   114
       Kite shield       |       |       |       |       |       |       |     8 |    59 |  1605 ||  1672
       Rpst.: Long sword |       |       |     5 |       |       |       |       |       |       ||     5

Table legend: (Time is in decaauts)
 A = Elapsed time spent in this place.
 B = Non-inter-level travel time spent in this place.
 C = Inter-level travel time spent in this place.
 D = Time resting spent in this place.
 E = Time spent auto-exploring this place.
 F = Levels seen in this place.
 G = Mean time per level.
                   A        B        C        D        E       F      G
               +--------+--------+--------+--------+--------+-----+--------+
         Total | 108590 | 100406 |   8184 |   7045 |  68757 |  73 | 1487.5 |
       Dungeon |  26231 |  23118 |   3113 |   1972 |  16669 |  15 | 1748.7 |
        Temple |    194 |    170 |     24 |      0 |    165 |   1 |  194.0 |
          Lair |  10822 |   9757 |   1065 |    414 |   6997 |   6 | 1803.7 |
        Shoals |   6022 |   5762 |    260 |    453 |   4194 |   4 | 1505.5 |
   Spider Nest |   5187 |   4886 |    301 |    337 |   3228 |   4 | 1296.8 |
    Slime Pits |   2945 |   2704 |    241 |     78 |   1942 |   5 |  589.0 |
  Orcish Mines |   2169 |   1753 |    416 |     89 |   1258 |   2 | 1084.5 |
   Elven Halls |   7591 |   7075 |    516 |    413 |   4811 |   3 | 2530.3 |
        Vaults |  14563 |  13718 |    845 |   1373 |  10269 |   5 | 2912.6 |
        Depths |   9020 |   8308 |    712 |    106 |   6329 |   5 | 1804.0 |
          Hell |    959 |    933 |     26 |    227 |    479 |   1 |  959.0 |
           Dis |   6190 |   6021 |    169 |    224 |   2372 |   7 |  884.3 |
           Zot |  10154 |   9661 |    493 |    787 |   6972 |   5 | 2030.8 |
         Abyss |   1853 |   1853 |      0 |    100 |    832 |   3 |  617.7 |
        Bazaar |    163 |    163 |      0 |      0 |    153 |   1 |  163.0 |
         Trove |    142 |    142 |      0 |      0 |     47 |   1 |  142.0 |
         Sewer |    983 |    983 |      0 |    239 |    332 |   1 |  983.0 |
        Bailey |    687 |    687 |      0 |     97 |    346 |   1 |  687.0 |
      Ice Cave |   1253 |   1253 |      0 |     46 |    665 |   1 | 1253.0 |
       Volcano |    627 |    627 |      0 |     41 |    211 |   1 |  627.0 |
      Gauntlet |    824 |    824 |      0 |     49 |    485 |   1 |  824.0 |
               +--------+--------+--------+--------+--------+-----+--------+

Top non-repeatable levels by time:
Vaults:4: 4767 daAuts
   Zot:3: 3367 daAuts
   Elf:2: 3255 daAuts
     D:9: 2975 daAuts
  Lair:5: 2955 daAuts
   Elf:3: 2939 daAuts
Vaults:1: 2843 daAuts
    D:14: 2710 daAuts
Vaults:2: 2604 daAuts
    D:13: 2502 daAuts
Depths:4: 2375 daAuts
Vaults:5: 2304 daAuts
   Zot:4: 2213 daAuts
    D:10: 2165 daAuts
   Zot:5: 2094 daAuts
